 Dungeon Crawl Stone Soup version 0.30-a0-377-g5cb311bc9f (webtiles) character file.

Game seed: 11179229230874888822

4501 tio the Reanimator (level 10, -2/61 HPs)
             Began as a Demonspawn Necromancer on Nov 28, 2022.
             Was a Priest of Hepliaklqana.
             Slain by a harpy simulacrum (4 damage)
             ... on level 11 of the Dungeon.
             The game lasted 00:57:27 (7748 turns).

tio the Reanimator (Demonspawn Necromancer)         Turns: 7748, Time: 00:57:27

Health: -2/61      AC: 11    Str: 10    XL:     10   Next: 16%
Magic:  19/32      EV: 12    Int: 19    God:    Hepliaklqana [***...]
Gold:   357        SH:  0    Dex: 14    Spells: 5/27 levels left

rFire   + . .      SeeInvis .    t - +7 glaive (protect)
rCold   . . .      Faith    .    (shield currently unavailable)
rNeg    . . .      Spirit   .    f - +1 leather armour of the Catfish {rF+ Regen+}
rPois   .          Reflect  .    (helmet restricted)
rElec   +          Harm     .    E - +0 cloak
rCorr   +          Rampage  .    d - +1 pair of gloves
Will    .....                    (no boots)
Stlth   ++........               (no amulet)
HPRegen 1.10/turn                e - ring of resist corrosion
MPRegen 0.23/turn                k - ring of magical power

@: animating dead
A: reduced essence, antennae 2, thin metallic scales 3, demonic guardian 1,
powered by pain 2
a: Renounce Religion, Recall Ancestor, Ancestor Identity, Transference


You were on level 11 of the Dungeon.
You worshipped Hepliaklqana.
Hepliaklqana was most pleased with you.
You visited 2 branches of the dungeon, and saw 11 of its levels.
You also visited: Ossuary.

You collected 532 gold pieces.
You spent 175 gold pieces at shops.

Inventory:

Hand Weapons
 g - a +2 short sword of freezing
 t - a +7 glaive of protection (weapon)
Armour
 d - a +1 pair of gloves (worn)
 f - the +1 leather armour of the Catfish (worn) {rF+ Regen+}
   (You found it on level 2 of the Dungeon)

   rF:        It protects you from fire.
   Regen:     It increases your rate of health regeneration.
 E - a +0 cloak (worn)
Magical Staves
 c - a staff of air
Jewellery
 e - a ring of resist corrosion (left hand)
 j - a ring of protection from fire
 k - a ring of magical power (right hand)
 o - a ring of wizardry
Wands
 i - a wand of flame (27)
 l - a wand of iceblast (19)
 n - a wand of digging (5)
Scrolls
 r - 4 scrolls of vulnerability
 s - 6 scrolls of teleportation
 u - a scroll of torment
 w - 2 scrolls of magic mapping
 y - a scroll of acquirement {unknown}
 B - a scroll of poison
 D - a scroll of identify
 F - a scroll of amnesia {unknown}
Potions
 a - 2 potions of berserk rage
 b - a potion of magic
 h - 3 potions of flight
 m - 3 potions of curing
 p - a potion of haste {unknown}
 q - 2 potions of attraction
 v - 4 potions of lignification
 x - a potion of cancellation {unknown}
 z - 2 potions of heal wounds
 A - a potion of brilliance {unknown}
 C - a potion of degeneration {unknown}


   Skills:
 + Level 2.4 Fighting
 + Level 0.4 Short Blades
 + Level 3.6 Polearms
 + Level 3.0 Armour
 + Level 2.6 Dodging
 + Level 3.5 Stealth
 + Level 9.0 Spellcasting
 + Level 10.4 Necromancy
 + Level 2.0 Invocations
 + Level 0.1 Evocations


You had 5 spell levels left.
You knew the following spells:

 Your Spells              Type           Power      Damage    Failure   Level
a - Necrotise             Necr           100%       1d9       1%          1
b - Ozocubu's Armour      Ice            8%         N/A       32%         3
c - Vampiric Draining     Necr           48%        2d9       1%          3
d - Animate Dead          Necr           48%        N/A       1%          4
e - Simulacrum            Ice/Necr       14%        N/A       89%         6
f - Agony                 Necr           48%        N/A       4%          5

Your spell library contained the following spells:

 Spells                   Type           Power      Damage    Failure   Level
 Apportation              Tloc           16%        N/A       11%         1
 Magic Dart               Conj           32%        1d4       11%         1
 Sandblast                Erth           16%        2d6       11%         1
 Metabolic Englaciation   Hex/Ice        4%         N/A       96%         5


Dungeon Overview and Level Annotations

Branches:
Dungeon (11/15)            Temple (1/1) D:5         Ossuary (visited)
   Lair: D:8-11         Orc: D:9-12

Altars:
Cheibriados
Dithmenos
Gozag
Hepliaklqana
Kikubaaqudgha
Makhleb
Nemelex Xobeh
Okawaru
Qazlal
Ru
Sif Muna
Trog
Uskayaw
Vehumet

Shops:
D:4 ?

Portals:
Ice
Cave: D:11


Innate Abilities, Weirdness & Mutations

Your life essence is reduced to manifest your ancestor. (-10% HP)
You have a pair of antennae on your head.
You are completely covered in thin metallic scales. (AC +4, rElec)
A weak demonic guardian rushes to your aid.
You sometimes gain power by taking damage.


Message History

Kai blocks the harpy simulacrum's attack. x2
The harpy simulacrum barely misses kai.
Kai hits the harpy simulacrum with a +0 flail!
Kai blocks something's attack.
Something claws kai but does no damage. x2
Kai blocks something's attack.
You are too injured to fight recklessly!
You feel much better.
You call upon the dead to rise.
Kai hits the two-headed ogre simulacrum with a +0 flail!
You call upon the dead to rise.
Kai hits the two-headed ogre simulacrum with a +0 flail!
The two-headed ogre simulacrum hits kai.
The two-headed ogre simulacrum freezes kai!
Kai resists.
The two-headed ogre simulacrum barely misses kai.
You call upon the dead to rise.
Kai hits the two-headed ogre simulacrum with a +0 flail!
The two-headed ogre simulacrum vaporises!
You call upon the dead to rise.
The harpy simulacrum claws kai.
The harpy simulacrum freezes kai!
Kai resists.
The harpy simulacrum claws kai.
Kai is destroyed!
You call upon the dead to rise.
The harpy simulacrum claws you. The harpy simulacrum freezes you!
A demonic guardian appears!
You focus on the pain.
You feel your power returning. The harpy simulacrum barely misses you.
The harpy simulacrum closely misses you.
The harpy simulacrum claws you. The harpy simulacrum freezes you!
You are too injured to fight recklessly!
You feel much better. The harpy simulacrum barely misses you.
The harpy simulacrum claws you! The harpy simulacrum freezes you!
The harpy simulacrum claws you. The harpy simulacrum freezes you!
* * * LOW HITPOINT WARNING * * *
The harpy simulacrum claws you.
* * * LOW HITPOINT WARNING * * *
The harpy simulacrum freezes you!
* * * LOW HITPOINT WARNING * * *
The harpy simulacrum claws you.
You die...

≈~~~~~≈~~~~~ ~~~~~~~~~~~
~~~~~~~~ #..Z..# #.Z...#
## #.# ..# #○#####..##
###### #.Z.#.....#
#.....####@......# ###
....
#........5.....##..#...#.
.#.#....###..#........
.... #.∩.#...###..##.....
#..# .#.#.....##.......#
>..#
.#......##..##..#####...#
.......##....##..#..#...#
.......#..............#
..................#..## #


You could see a harpy simulacrum (ally target) and a friendly ufetubus
(summoned).

Vanquished Creatures
  2 trolls (D:11)
  A wraith (Ossuary)
  4 water moccasins
  An orc warrior (D:7)
  A sky beast (D:7)
  2 ice beasts
  2 ogres
  A centaur (D:8)
  A bullfrog (D:7)
  A necrophage (D:8)
  A scorpion (D:4)
  2 wights (Ossuary)
  2 hounds (D:4)
  A jelly (D:4)
  Jessica (D:3)
  An iguana (D:7)
  An orc wizard (D:4)
  5 adders
  3 gnolls (D:7)
  An adder zombie (Ossuary)
  A worm (D:2)
  3 dart slugs
  12 orcs
  9 ball pythons
  16 bats
  3 endoplasms
  3 giant cockroaches
  8 goblins
  5 hobgoblins
  4 jackals (D:1)
  3 quokkas
  A ball python skeleton (Ossuary)
  3 frilled lizards
  3 hobgoblin skeletons (Ossuary)
  2 hobgoblin zombies (Ossuary)
  14 kobolds
  A kobold zombie (Ossuary)
  5 rats
130 creatures vanquished.

Vanquished Creatures (collateral kills)
  A manticore (D:11)
  A wraith (Ossuary)
  2 vampire mosquitoes (D:11)
  An acid dragon (D:7)
  A water moccasin (D:6)
  2 black bears
  An ice beast (D:8)
  2 sky beasts
  2 ogres
  A centaur (D:9)
  2 kobold brigands
  2 bullfrogs
  A necrophage (D:7)
  A two-headed ogre simulacrum (D:11)
  A wight (Ossuary)
  A jelly (D:6)
  A hound (D:5)
  An orc priest (D:4)
  An iguana (D:4)
  A mummy (D:7)
  An adder (D:5)
  2 worms
  A dart slug (D:1)
  2 orcs (D:4)
  A ball python (D:4)
  A ball python skeleton (Ossuary)
  2 kobolds
36 creatures vanquished.

Vanquished Creatures (others)
  2 knights
2 creatures vanquished.

Grand Total: 168 creatures vanquished

Notes
Turn   | Place    | Note
-------+----------+-------------------------------------------
     0 | D:1      | tio the Demonspawn Necromancer began the quest for the Orb.
     0 | D:1      | Reached XP level 1. HP: 13/13 MP: 3/3
   129 | D:1      | Gained mutation: You have a pair of small antennae on your
                  | head. [demonic ancestry]
   129 | D:1      | Reached XP level 2. HP: 19/19 MP: 1/5
   438 | D:1      | Reached skill level 5 in Necromancy
   725 | D:1      | Reached XP level 3. HP: 24/24 MP: 4/6
  1427 | D:2      | Identified the +1 leather armour of the Catfish {rF+
                  | Regen+}
  2142 | D:2      | Found a faded altar of an unknown god.
  2153 | D:2      | Gained mutation: You are partially covered in thin metallic
                  | scales. (AC +2) [demonic ancestry]
  2153 | D:2      | Reached XP level 4. HP: 25/30 MP: 8/8
  2159 | D:2      | Prayed at the altar of an unknown god.
  2159 | D:2      | Became a worshipper of Hepliaklqana the Forgotten
  2159 | D:2      | Reached * piety under Hepliaklqana
  2270 | D:3      | Noticed Jessica
  2272 | D:3      | Killed Jessica
  2478 | D:3      | Learned a level 3 spell: Ozocubu's Armour
  2482 | D:3      | Learned a level 3 spell: Vampiric Draining
  2486 | D:3      | Found a stormy altar of Qazlal.
  2597 | D:3      | Gained mutation: You have a pair of antennae on your head.
                  | [demonic ancestry]
  2597 | D:3      | Reached XP level 5. HP: 31/31 MP: 9/9
  2722 | D:3      | Found a bloodstained altar of Trog.
  2977 | D:4      | Reached skill level 6 in Necromancy
  3075 | D:4      | Gained mutation: A weak demonic guardian rushes to your
                  | aid. [demonic ancestry]
  3075 | D:4      | Reached XP level 6. HP: 36/36 MP: 12/12
  3257 | D:4      | Reached ** piety under Hepliaklqana
  3258 | D:4      | Remembered your ancestor kai as a knight
  3330 | D:4      | Found a hide-covered altar of Uskayaw.
  3405 | D:4      | Found Curo Alabb's Magic Scroll Emporium.
  3413 | D:4      | Bought a scroll of teleportation for 42 gold pieces
  3413 | D:4      | Bought a scroll of enchant armour for 105 gold pieces
  3413 | D:4      | Bought a scroll of identify for 28 gold pieces
  3930 | D:5      | Entered Level 5 of the Dungeon
  3994 | D:5      | Reached skill level 5 in Spellcasting
  3994 | D:5      | Reached skill level 7 in Necromancy
  3994 | D:5      | Gained mutation: You sometimes gain a little power by
                  | taking damage. [demonic ancestry]
  3994 | D:5      | Reached XP level 7. HP: 41/41 MP: 14/14
  4200 | D:5      | Found a staircase to the Ecumenical Temple.
  4301 | D:5      | Found an ancient bone altar of Kikubaaqudgha.
  4385 | D:5      | Reached skill level 1 in Armour
  4499 | Temple   | Entered the Ecumenical Temple
  4811 | D:6      | Reached *** piety under Hepliaklqana
  4816 | D:6      | Reached skill level 8 in Necromancy
  4816 | D:6      | Gained mutation: You are mostly covered in thin metallic
                  | scales. (AC +3) [demonic ancestry]
  4816 | D:6      | Reached XP level 8. HP: 41/46 MP: 17/17
  5450 | D:7      | Identified the +12 war axe "Giupuef" {vorpal, *Slow Fly
                  | rElec}
  5647 | D:7      | Found a sparkling altar of Nemelex Xobeh.
  5752 | D:7      | Reached skill level 9 in Necromancy
  5898 | D:7      | Found a shimmering blue altar of Sif Muna.
  5906 | D:7      | Got Sif Muna's Incunable of the Caves
  5908 | D:7      | Got Sif Muna's Verses on Superposition
  5911 | D:7      | Got Sif Muna's Handbook of Combat Magic
  6021 | D:7      | Found a sand-covered staircase.
  6031 | Ossuary  | Entered an ossuary
  6150 | Ossuary  | Noticed a flying skull
  6159 | Ossuary  | Noticed a flying skull
  6195 | Ossuary  | Reached skill level 1 in Polearms
  6210 | Ossuary  | Noticed a flying skull
  6230 | Ossuary  | Noticed a flying skull
  6231 | Ossuary  | Noticed a flying skull
  6257 | Ossuary  | Gained mutation: You are completely covered in thin
                  | metallic scales. (AC +4, rElec) [demonic ancestry]
  6257 | Ossuary  | Reached XP level 9. HP: 46/52 MP: 20/20
  6277 | Ossuary  | Reached skill level 1 in Fighting
  6770 | D:8      | Found a snail-covered altar of Cheibriados.
  6799 | D:8      | Found an opulent altar of Gozag.
  7014 | D:8      | Reached **** piety under Hepliaklqana
  7022 | D:8      | Found a radiant altar of Vehumet.
  7450 | D:9      | Reached skill level 10 in Necromancy
  7556 | D:9      | You fall into a shaft and drop 2 floors!
  7561 | D:11     | Noticed a troll
  7577 | D:11     | Killed a troll
  7578 | D:11     | Reached skill level 1 in Invocations
  7675 | D:11     | Noticed a troll
  7677 | D:11     | Noticed a manticore
  7684 | D:11     | Killed a troll
  7688 | D:11     | Killed a manticore
  7689 | D:11     | Gained mutation: You sometimes gain power by taking damage.
                  | [demonic ancestry]
  7689 | D:11     | Reached XP level 10. HP: 44/60 MP: 23/23
  7701 | D:11     | Learned a level 4 spell: Animate Dead
  7708 | D:11     | Learned a level 6 spell: Simulacrum
  7714 | D:11     | Learned a level 5 spell: Agony
  7722 | D:11     | Found a frozen archway.
  7748 | D:11     | HP: 2/61 [harpy simulacrum (10)]
  7748 | D:11     | Slain by a harpy simulacrum

Illustrated notes

Levels and vault maps discovered:
D:1:      lightli_iron_boxes, layout_basic
D:2:      layout_basic, chequers_ecumenical_altar_twisty,
          minmay_indecisive_spiral
D:3:      layout_basic, nicolae_qazlal_general_emergency,
          lightli_temple_of_fire, uniq_jessica
D:4:      layout_basic, eat_drink_and_be_merry_uskayaw, serial_shops, shop
D:5:      layout_gridville, kiku_gazebo_pond_becter,
          minmay_temple_entry_enclosed_plants
D:6:      layout_basic, dk_noncrumbling_4
D:7:      layout_loops_corners, nicolae_sif_muna_little_library,
          mainiacjoe_overflow_alcove_4, gup_ossuary_entry_pyramid
D:8:      layout_basic, mainiacjoe_overflow_chevrons,
          mainiacjoe_overflow_tiny_flanked, nicolae_vehumet_radiance,
          serial_corexii_hall, corexii_hall_statues_i, corexii_hall_statues_s,
          corexii_hall_statues_l, corexii_hall_statues_i
D:9:      layout_stronghold, lemuel_doored_altar,
          lemuel_zombie_altar_yredelemnul, lair_entry_dummy
D:11:     dreamdust_isle_of_ice, layout_cave_pools,
          portal_ice_cave_entry_pillars_2
Temple:   nicolae_temple_two_arcs

Skill      XL: |  1  2  3  4  5  6  7  8  9 10 |
---------------+-------------------------------+-----
Necromancy     | 5 6 7 8 9 10 | 10.4
Stealth        | 2 3 |  3.5
Dodging        | 2 |  2.6
Spellcasting   | 3 4 5 6 7 9 |  9.0
Armour         | 1 2 3 |  3.0
Polearms       | 2 3 |  3.6
Fighting       | 1 2 |  2.4
Invocations    | 2 |  2.0
Short Blades   | |  0.4
Evocations     | |  0.1

Action                   |  1- 3 |  4- 6 |  7- 9 | 10-12 || total
-------------------------+-------+-------+-------+-------++-------
Melee: Short sword       |    19 |    23 |       |       ||    42
       Glaive            |       |       |    60 |     3 ||    63
 Cast: Necrotise         |    82 |    74 |   169 |       ||   325
       Animate Dead      |       |       |       |     8 ||     8
Invok: Ancestor Identity |       |     1 |     1 |       ||     2
       Recall Ancestor   |       |     3 |     1 |       ||     4
       Ancestor Life: Kn |       |     1 |       |       ||     1
       Transference      |       |       |     4 |       ||     4
Evoke: Wand              |       |     1 |     1 |       ||     2
  Use: Scroll            |     4 |     6 |    10 |       ||    20
       Potion            |       |       |     2 |     2 ||     4
 Stab: Sleeping          |       |       |     5 |       ||     5
       Distracted        |       |       |     1 |       ||     1
Armor: Robe              |     5 |       |       |       ||     5
       Leather armour    |     6 |    15 |    55 |     6 ||    82
Dodge: Dodged            |    26 |    29 |    91 |    12 ||   158

Table legend: (Time is in decaauts)
 A = Elapsed time spent in this place.
 B = Non-inter-level travel time spent in this place.
 C = Inter-level travel time spent in this place.
 D = Time resting spent in this place.
 E = Time spent auto-exploring this place.
 F = Levels seen in this place.
 G = Mean time per level.
                   A        B        C        D        E       F      G
               +--------+--------+--------+--------+--------+-----+--------+
         Total |   7809 |   7056 |    753 |      0 |   5690 |  12 |  650.8 |
       Dungeon |   7259 |   6566 |    693 |      0 |   5494 |  10 |  725.9 |
        Temple |    174 |    114 |     60 |      0 |    106 |   1 |  174.0 |
       Ossuary |    374 |    374 |      0 |      0 |     90 |   1 |  374.0 |
               +--------+--------+--------+--------+--------+-----+--------+

Top non-repeatable levels by time:
     D:2: 1183 daAuts
     D:1: 1084 daAuts
     D:7: 1061 daAuts
     D:4: 970 daAuts
     D:8: 705 daAuts
     D:3: 684 daAuts
     D:5: 642 daAuts
     D:6: 618 daAuts
 Ossuary: 374 daAuts
    D:11: 194 daAuts
  Temple: 174 daAuts
     D:9: 112 daAuts
